 Dungeon Crawl Stone Soup version 0.29-a0-330-g52719c12eb (webtiles) character file.

Game seed: 15512609064300750919

9299 Aelig the Slicer (level 11, 0/52 HPs)
             Began as a Vine Stalker Fighter on May 7, 2022.
             Was a Follower of Uskayaw.
             Shot with an arrow by a centaur warrior (9 damage)
             ... on level 10 of the Dungeon.
             The game lasted 00:32:29 (9781 turns).

Aelig the Slicer (Vine Stalker Fighter)             Turns: 9781, Time: 00:32:29

Health: 0/52       AC: 11    Str: 18    XL:     11   Next: 44%
Magic:  0/18       EV:  5    Int:  8    God:    Uskayaw [*.....]
Gold:   420        SH:  5    Dex: 19    Spells: 10/10 levels left

rFire   . . .      SeeInvis .   b - +0 rapier
rCold   . . .      Faith    .   F - +0 buckler
rNeg    . . .      Spirit   +   o - +0 plate armour {Will+}
rPois   .          Reflect  .   (no helmet)
rElec   .          Harm     .   (no cloak)
rCorr   .          Rampage  .   (no gloves)
Will    ++...                   (no boots)
Stlth   ..........              s - amulet of regeneration
HPRegen 1.77/turn               (no ring)
MPRegen 0.16/turn               (no ring)

@: no status effects
A: fangs 3, regeneration 1, magic shield, antimagic bite, no potion heal 2
a: Renounce Religion, Stomp


You were on level 10 of the Dungeon.
You worshipped Uskayaw.
Uskayaw was aware of your devotion.
You visited 3 branches of the dungeon, and saw 12 of its levels.

You collected 682 gold pieces.
You spent 262 gold pieces at shops.

Inventory:

Hand Weapons
 a - a +1 dagger of venom
 b - a +0 rapier (weapon)
 c - the +0 dagger "Wudgh" {vorpal, rC++}
   (You found it on level 8 of the Dungeon)

   It inflicts extra damage upon your enemies.
   rC:        It greatly protects you from cold.
 f - a +0 short sword
Missiles
 g - 240 stones (quivered)
 q - a throwing net
 v - 2 curare-tipped darts
 z - 4 poisoned darts
Armour
 o - a +0 plate armour of willpower (worn)
 F - a +0 buckler (worn)
Jewellery
 e - a ring of ice
 s - an amulet of regeneration (around neck)
 C - an amulet of the acrobat
 G - a ring of willpower
Wands
 m - a wand of flame (27)
 y - a wand of iceblast (13)
 I - a wand of digging (7)
Scrolls
 h - 2 scrolls of enchant armour {unknown}
 i - a scroll of fear {unknown}
 j - a scroll of acquirement {unknown}
 l - 2 scrolls of torment {unknown}
 n - 3 scrolls of blinking {unknown}
 p - 2 scrolls of amnesia
 u - a scroll of brand weapon {unknown}
 w - 2 scrolls of holy word {unknown}
 x - 4 scrolls of teleportation
 B - 2 scrolls of magic mapping {unknown}
 E - a scroll of noise {unknown}
 H - a scroll of fog {unknown}
 J - a scroll of summoning {unknown}
 L - a scroll of silence {unknown}
Potions
 d - 4 potions of might
 k - 3 potions of attraction
 r - a potion of cancellation {unknown}
 t - 3 potions of invisibility
 A - a potion of mutation
 D - 6 potions of curing
 K - 2 potions of haste {unknown}


   Skills:
 + Level 3.2 Fighting
 - Level 14.0 Short Blades
 + Level 3.0 Armour
 - Level 2.6 Shields
 + Level 8.2 Invocations


You had 10 spell levels left.
You didn't know any spells.
Your spell library contained the following spells:

 Spells                   Type           Power      Damage    Failure   Level
 Animate Skeleton         Necr           0%         N/A       100%        1
 Apportation              Tloc           0%         N/A       100%        1
 Foxfire                  Conj/Fire      0%         2x1d4     100%        1
 Magic Dart               Conj           0%         1d3       100%        1
 Summon Small Mammal      Summ           0%         N/A       100%        1
 Blink                    Tloc           0%         N/A       100%        2
 Call Imp                 Summ           0%         N/A       100%        2
 Ensorcelled Hibernation  Hex/Ice        0%         N/A       100%        2
 Passwall                 Tmut/Erth      0%         N/A       100%        2
 Call Canine Familiar     Summ           0%         N/A       100%        3
 Conjure Flame            Conj/Fire      0%         6-21      100%        3
 Gell's Gravitas          Tloc           0%         N/A       100%        3
 Inner Flame              Hex/Fire       0%         N/A       100%        3
 Mephitic Cloud           Conj/Pois/Air  0%         N/A       100%        3
 Portal Projectile        Hex/Tloc       0%         N/A       100%        3
 Swiftness                Air            0%         N/A       100%        3
 Teleport Other           Tloc           0%         N/A       100%        3
 Flame Wave               Conj/Fire      0%         2d4       100%        4
 Leda's Liquefaction      Hex/Erth       0%         N/A       100%        4
 Manifold Assault         Tloc           0%         N/A       100%        5
 Dispersal                Tloc           0%         N/A       100%        6
 Storm Form               Tmut/Air       0%         N/A       100%        7
 Chain Lightning          Conj/Air       0%         N/A       100%        9
 Fire Storm               Conj/Fire      0%         5d1       100%        9
 Shatter                  Erth           0%         3d5*      100%        9


Dungeon Overview and Level Annotations

Branches:
Dungeon (10/15)            Temple (1/1) D:4            Lair (1/6) D:9
    Orc (0/2) D:10

Altars:
Kikubaaqudgha
Qazlal
Uskayaw

Shops:
D:1 [   D:4 !   D:8 *

Annotations:
D:2 1 runed translucent door, Crazy Yiuf


Innate Abilities, Weirdness & Mutations

You have razor-sharp teeth.
Your natural rate of healing is unusually fast.
When hurt, damage is shared between your health and your magic reserves.
Your bite disrupts and absorbs the magic of your enemies.
Potions cannot restore your health.


Message History

You can now pass through a line of other dancers.
You closely miss the wraith. You bite the wraith, but do no damage.
The wraith is heavily damaged.
You hit the wraith but do no damage. Your bite misses the wraith.
The wraith is heavily damaged.
The two-headed ogre is no longer moving slowly.
The wraith barely misses you.
You puncture the wraith! Your bite misses the wraith.
The wraith is almost destroyed.
The wraith hits you but does no damage.
Aiming: Line Pass
Press: ? - help, Dir - move target, p - two-headed ogre The wraith appears confused.
The two-headed ogre appears confused.
A centaur warrior comes into view.
Found a potion of might.
You can no longer pass through a line of other dancers.
The centaur warrior wields a +0 longbow.
The centaur warrior shoots an arrow.
The arrow hits you!
The two-headed ogre hits you with a +0 dire flail!
The two-headed ogre barely misses you.
The two-headed ogre hits itself with a +0 dire flail!!
The two-headed ogre hits itself with a +0 giant club!
The centaur warrior shoots an arrow.
The arrow hits you!!
* * * LOW HITPOINT WARNING * * *
You feel yourself speed up.
The two-headed ogre seems less confused.
The centaur warrior shoots an arrow.
The arrow hits you!
* * * LOW HITPOINT WARNING * * *
The centaur warrior shoots an arrow.
The arrow completely misses you.
You see here 2 poisoned darts.
The wraith seems less confused.
Okay, then.
You see here 2 poisoned darts.
Found a battleaxe.
Found 14 gold pieces.
The centaur warrior shoots an arrow.
You block the arrow.
The centaur warrior shoots an arrow.
The arrow hits you!!
* * * LOW HITPOINT WARNING * * *
The centaur warrior shoots an arrow.
The arrow hits you!
You die...

#.##.# #.#
#:...c... #†##.#
#.# #c####...
#.##.###.# #W#
#......<.# #(#
####.#####
####.##.##. #.#
###..c..).....
#.#
#.....!##.####
#.#
#########.#.##.#
# #..
.......@.OW.##.#
###
#########...##.#
#.$.##.#
#......#
#.#.#### #.#.#
########## #.#.#
#......... .#
######.#######.


You could see a centaur warrior, a two-headed ogre (poisoned) and a wraith.

Vanquished Creatures
  A centaur warrior (D:9)
  2 two-headed ogres
  A black mamba (Lair:1)
  A komodo dragon (D:10)
  A hornet (D:6)
  4 wyverns
  8 yaks
  Grum (D:8)
  A steam dragon (D:8)
  2 water moccasins
  An orc warrior (D:8)
  3 ice beasts
  A sky beast (D:6)
  2 black bears
  15 wolves
  2 ogres
  3 centaurs
  A kobold brigand (D:7)
  4 bullfrogs
  A gnoll sergeant (D:9)
  3 necrophages
  4 scorpions
  8 wights
  6 howler monkeys
  2 gnoll shamans
  5 hounds
  2 orc priests
  2 jellies
  4 iguanas
  6 orc wizards
  13 gnolls
  5 adders
  2 shadow imps (D:7)
  2 ufetubi (D:4)
  2 worms (D:2)
  A dart slug (D:2)
  29 orcs
  3 bats
  9 endoplasms
  5 giant cockroaches
  7 goblins
  5 hobgoblins
  6 quokkas
  2 ball pythons
  5 frilled lizards
  13 kobolds
  11 rats
217 creatures vanquished.

Vanquished Creatures (others)
  An orc (D:8)
  A fungus (Lair:1)
  9 plants (D:2)
11 creatures vanquished.

Grand Total: 228 creatures vanquished

Notes
Turn   | Place    | Note
-------+----------+-------------------------------------------
     0 | D:1      | Aelig the Vine Stalker Fighter began the quest for the Orb.
     0 | D:1      | Reached XP level 1. HP: 11/11 MP: 2/2
   170 | D:1      | Reached skill level 2 in Short Blades
   321 | D:1      | Found Sihud's Armour Shoppe.
   374 | D:1      | Reached XP level 2. HP: 16/16 MP: 3/3
   413 | D:1      | Found a faded altar of an unknown god.
   714 | D:1      | Reached skill level 3 in Short Blades
   741 | D:1      | Reached XP level 3. HP: 19/19 MP: 4/4
  1477 | D:2      | Gained mutation: Your natural rate of healing is unusually
                  | fast. [Vine Stalker growth]
  1477 | D:2      | Reached XP level 4. HP: 4/23 MP: 2/5
  1570 | D:2      | Found a runed translucent door.
  1571 | D:2      | Noticed Crazy Yiuf
  1766 | D:2      | Reached skill level 4 in Short Blades
  2875 | D:4      | Found a staircase to the Ecumenical Temple.
  2927 | Temple   | Entered the Ecumenical Temple
  3016 | Temple   | Became a worshipper of Uskayaw the Reveller
  3134 | D:3      | Reached * piety under Uskayaw
  3138 | D:3      | Reached ** piety under Uskayaw
  3142 | D:3      | Reached *** piety under Uskayaw
  3144 | D:3      | Reached XP level 5. HP: 10/27 MP: 2/6
  3201 | D:4      | Noticed a black bear
  3249 | D:4      | Reached skill level 5 in Short Blades
  3372 | D:4      | Found an ancient bone altar of Kikubaaqudgha.
  3515 | D:4      | Reached XP level 6. HP: 28/32 MP: 5/7
  3519 | D:4      | Reached **** piety under Uskayaw
  3520 | D:4      | Reached skill level 1 in Invocations
  3640 | D:4      | Killed a black bear
  3677 | D:4      | Found Veus's Distillery.
  3723 | D:4      | Reached skill level 6 in Short Blades
  3793 | D:5      | Entered Level 5 of the Dungeon
  3805 | D:5      | Reached XP level 7. HP: 31/35 MP: 6/9
  4470 | D:5      | Reached skill level 7 in Short Blades
  4624 | D:5      | Gained mutation: You have razor-sharp teeth. [Vine Stalker
                  | growth]
  4624 | D:5      | Reached XP level 8. HP: 39/39 MP: 11/11
  4872 | D:6      | Noticed a hornet
  4976 | D:6      | Reached skill level 8 in Short Blades
  5174 | D:6      | Reached ***** piety under Uskayaw
  5175 | D:6      | Reached skill level 9 in Short Blades
  5511 | D:6      | Killed a hornet
  5512 | D:6      | Reached XP level 9. HP: 7/43 MP: 3/13
  5780 | D:6      | Reached skill level 10 in Short Blades
  5882 | D:7      | Reached skill level 5 in Invocations
  6662 | D:7      | Reached skill level 11 in Short Blades
  6904 | D:8      | Noticed a two-headed ogre
  7037 | D:8      | Noticed Grum
  7054 | D:8      | Killed Grum
  7055 | D:8      | Reached XP level 10. HP: 31/47 MP: 15/15
  7192 | D:8      | Identified the +0 dagger "Wudgh" {vorpal, rC++}
  7284 | D:8      | Found Loisk's Assorted Antiques.
  7559 | D:8      | Killed a two-headed ogre
  7560 | D:8      | Reached skill level 12 in Short Blades
  7646 | D:8      | Bought a potion of curing for 63 gold pieces
  7646 | D:8      | Bought a polished chain mail for 199 gold pieces
  7646 | D:8      | Identified the +1 chain mail "Resa" {Fly Str+4 Int+3} (You
                  | bought it in a shop on level 8 of the Dungeon)
  8082 | D:9      | Noticed a two-headed ogre
  8109 | D:9      | Killed a two-headed ogre
  8286 | D:9      | Noticed a centaur warrior
  8307 | D:9      | Killed a centaur warrior
  8308 | D:9      | Reached skill level 13 in Short Blades
  8308 | D:9      | Reached XP level 11. HP: 31/51 MP: 16/18
  8338 | D:9      | Found a staircase to the Lair.
  8628 | Lair:1   | Entered Level 1 of the Lair of Beasts
  8979 | Lair:1   | Noticed an eight-headed hydra
  8993 | Lair:1   | Reached skill level 14 in Short Blades
  9011 | Lair:1   | HP: 2/51 [eight-headed hydra (5)]
  9182 | D:10     | Entered Level 10 of the Dungeon
  9550 | D:10     | Found a staircase to the Orcish Mines.
  9752 | D:10     | Noticed a two-headed ogre
  9770 | D:10     | Noticed a centaur warrior
  9781 | D:10     | Shot with an arrow by a centaur warrior

Illustrated notes

Levels and vault maps discovered:
D:1:      dpeg_cavernosity, layout_loops_ring,
          hellmonk_ecumenical_altar_leap_of_faith, serial_shops,
          nicolae_shop_behind_doors, roderic_roman_lattice
D:2:      layout_loops_ring, lexackson_kobold_supper, uniq_crazy_yiuf_cottage
D:3:      layout_basic
D:4:      layout_rooms, nicolae_kikubaaqudgha_miasma_corner,
          minmay_temple_entry_offerings, serial_shops, nicolae_shop_trees,
          serial_corexii_hall, corexii_hall_statues_i, corexii_hall_statues_u
D:5:      layout_gridville
D:6:      layout_rooms
D:7:      layout_cave_pods
D:8:      layout_gridville, serial_shops, shop_coins,
          hellmonk_bongcloud_opening, chequers_serial_rivers_large_a, uniq_grum
D:9:      layout_roguey, lair_entry_dummy
D:10:     layout_loops_ring, orc_0_dummy
Temple:   mainiacjoe_temple_trianglar_array
Lair:1:   layout_regular_city, gammafunk_ghost_hive, grunt_megastairs_1

Skill      XL: |  1  2  3  4  5  6  7  8  9 10 11 |
---------------+----------------------------------+-----
Short Blades   | 2 3 4 5 6 7 9 11 13 14 | 14.0
Invocations    | 2 3 4 6 8 |  8.2
Fighting       | 3 |  3.2
Armour         | 3 |  3.0
Shields        | |  2.6

Action                   |  1- 3 |  4- 6 |  7- 9 | 10-12 || total
-------------------------+-------+-------+-------+-------++-------
Melee: Rapier            |    85 |   133 |   111 |    15 ||   344
       Short sword       |     5 |       |       |       ||     5
       Bite              |    24 |    41 |   125 |   118 ||   308
       Dagger            |       |    30 |   231 |   261 ||   522
Throw: Stone             |       |       |     1 |       ||     1
       Dart              |       |       |       |    18 ||    18
Invok: Line Pass         |       |       |     3 |     4 ||     7
       Stomp             |       |       |       |     1 ||     1
Evoke: Wand              |       |       |     1 |       ||     1
  Use: Scroll            |       |     4 |     1 |     3 ||     8
       Potion            |       |       |     3 |       ||     3
 Stab: Paralysed         |       |     2 |     5 |    11 ||    18
       Confused          |       |       |     2 |     2 ||     4
Armor: Scale mail        |    23 |     8 |       |       ||    31
       Chain mail        |       |    53 |    90 |       ||   143
       Skin              |       |       |     1 |       ||     1
       Plate armour      |       |       |     5 |   136 ||   141
Dodge: Dodged            |    23 |    38 |    69 |    49 ||   179
Block: Buckler           |    17 |    34 |    49 |    61 ||   161

Table legend: (Time is in decaauts)
 A = Elapsed time spent in this place.
 B = Non-inter-level travel time spent in this place.
 C = Inter-level travel time spent in this place.
 D = Time resting spent in this place.
 E = Time spent auto-exploring this place.
 F = Levels seen in this place.
 G = Mean time per level.
                   A        B        C        D        E       F      G
               +--------+--------+--------+--------+--------+-----+--------+
         Total |   9557 |   9002 |    555 |    720 |   5375 |  12 |  796.4 |
       Dungeon |   9019 |   8527 |    492 |    720 |   5119 |  10 |  901.9 |
        Temple |    153 |     90 |     63 |      0 |     85 |   1 |  153.0 |
          Lair |    384 |    384 |      0 |      0 |    171 |   1 |  384.0 |
               +--------+--------+--------+--------+--------+-----+--------+

Top non-repeatable levels by time:
     D:1: 1275 daAuts
     D:7: 1063 daAuts
     D:5: 989 daAuts
     D:8: 957 daAuts
     D:2: 902 daAuts
     D:4: 827 daAuts
     D:9: 826 daAuts
     D:6: 824 daAuts
     D:3: 776 daAuts
    D:10: 575 daAuts
  Lair:1: 384 daAuts
  Temple: 153 daAuts
